 Dungeon Crawl Stone Soup version 0.27-a0-553-ge0ab5a2769 (webtiles) character file.

Game seed: 7961596819232718176

4 Chiseanne the Magician (level 1, -2/13 HPs)
             Began as a Demonspawn Hedge Wizard on Mar 8, 2021.
             Slain by a gnoll
             ... wielding a +1 halberd of protection
              (4 damage)
             ... on level 1 of the Dungeon.
             The game lasted 00:00:18 (492 turns).

Chiseanne the Magician (Demonspawn Hedge Wizard)     Turns: 492, Time: 00:00:19

Health: -2/13      AC:  2    Str: 10    XL:     1   Next: 58%
Magic:  0/4        EV: 12    Int: 15    God:
Gold:   11         SH:  0    Dex: 12    Spells: 5/6 levels left

rFire    . . .     SeeInvis .   a - +0 dagger
rCold    . . .     Faith    .   (no shield)
rNeg     . . .     Spirit   .   b - +0 robe
rPois    .         Reflect  .   c - +0 hat
rElec    .         Harm     .   (no cloak)
rCorr    .         Rampage  .   (no gloves)
Will     .....                  (no boots)
Stlth    ++........             (no amulet)
HPRegen  0.04/turn              (no ring)
MPRegen  0.09/turn              (no ring)

@: no status effects
A: no striking features
a: no special abilities


You were on level 1 of the Dungeon.
You visited 1 branch of the dungeon, and saw 1 of its levels.

You collected 11 gold pieces.

Inventory:

Hand Weapons
 a - a +0 dagger (weapon)
Missiles
 d - 31 stones
Armour
 b - a +0 robe (worn)
 c - a +0 hat (worn)


   Skills:
 - Level 1.7 Dodging
 - Level 1.7 Stealth
 * Level 3.1 Spellcasting
 * Level 1.3 Conjurations
 - Level 1.0 Summonings
 - Level 0.8 Translocations


You had 5 spell levels left.
You knew the following spells:

 Your Spells              Type           Power      Damage    Failure   Level
a - Magic Dart            Conj           24%        1d4       12%         1

Your spell library contained the following spells:

 Spells                   Type           Power      Damage    Failure   Level
 Call Imp                 Summ           5%         N/A       21%         2
 Blink                    Tloc           N/A        N/A       22%         2
 Slow                     Hex            2%         N/A       30%         2
 Conjure Flame            Conj/Fire      4%         6-21      41%         3
 Mephitic Cloud           Conj/Pois/Air  3%         N/A       45%         3


Dungeon Overview and Level Annotations

Branches:
Dungeon (1/15)

Altars:


Message History

Aim: a gnoll, wielding a +1 halberd of protection (lightly wounded, 0% to evade)
The magic dart hits the gnoll but does no damage.
The gnoll is lightly wounded.
Casting: Magic Dart (safe; 12% risk of failure)
Confirm with . or Enter, or press ? or * to list all spells.
Aiming: Magic Dart (safe; 12% risk of failure)
Press: ? - help, Shift-Dir - straight line, f/p - gnoll
Aim: a gnoll, wielding a +1 halberd of protection (lightly wounded, 0% to evade)
The magic dart hits the gnoll but does no damage.
The gnoll is lightly wounded.
Casting: Magic Dart (safe; 12% risk of failure)
Confirm with . or Enter, or press ? or * to list all spells.
Aiming: Magic Dart (safe; 12% risk of failure)
Press: ? - help, Shift-Dir - straight line, f/p - gnoll
Aim: a gnoll, wielding a +1 halberd of protection (lightly wounded, 0% to evade)
The magic dart hits the gnoll but does no damage.
The gnoll is lightly wounded.
Casting: Magic Dart (safe; 12% risk of failure)
Confirm with . or Enter, or press ? or * to list all spells.
You don't have enough magic to cast this spell.
Casting: Magic Dart (safe; 12% risk of failure)
Confirm with . or Enter, or press ? or * to list all spells.
You don't have enough magic to cast this spell.
Casting: Magic Dart (safe; 12% risk of failure)
Confirm with . or Enter, or press ? or * to list all spells.
You don't have enough magic to cast this spell.
Casting: Magic Dart (safe; 12% risk of failure)
Confirm with . or Enter, or press ? or * to list all spells.
You don't have enough magic to cast this spell.
The gnoll hits you from afar with a +1 halberd of protection!
Ouch! That really hurt!
* * * LOW HITPOINT WARNING * * *
The gnoll barely misses you.
You hit the gnoll but do no damage.
The gnoll is lightly wounded.
The gnoll barely misses you.
You hit the gnoll.
The gnoll is moderately wounded.
The gnoll hits you with a +1 halberd of protection.
You die...

##.......# ... #... ....
.. ###.# #.. #.## #...#
#.. #..#####.#.######..
.#####..##.......)......
........##..............
...........≈≈≈≈≈≈≈≈≈≈≈≈≈
......g@...≈≈≈≈≈≈≈≈≈≈≈≈≈
......#....≈≈≈≈≈≈≈≈≈≈≈≈≈
#.... #....≈≈≈#'#+#≈≈≈≈≈
#... #....≈≈≈'...##+###
### ......≈≈≈'...'.....
....!.≈≈≈#+###.####
.......≈≈≈≈≈+...#...
#.......≈≈≈≈≈#.###...
....≈≈≈≈≈#.###.<.


You could see a gnoll.

Vanquished Creatures
  A giant cockroach (D:1)
  2 hobgoblins (D:1)
  A kobold (D:1)
4 creatures vanquished.

Notes
Turn   | Place    | Note
-------+----------+-------------------------------------------
     0 | D:1      | Chiseanne the Demonspawn Hedge Wizard began the quest for
                  | the Orb.
     0 | D:1      | Reached XP level 1. HP: 13/13 MP: 4/4
   492 | D:1      | Slain by a gnoll

Illustrated notes

Levels and vault maps discovered:
D:1:      dpeg_arrival_castle, layout_basic, chequers_serial_rivers_micro_e,
          ashenzari_altar_1

Action                   || total
-------------------------++-------
Melee: Dagger            ||     2
 Cast: Magic Dart        ||    15
Dodge: Dodged            ||     6

Table legend: (Time is in decaauts)
 A = Elapsed time spent in this place.
 B = Non-inter-level travel time spent in this place.
 C = Inter-level travel time spent in this place.
 D = Time resting spent in this place.
 E = Time spent auto-exploring this place.
 F = Levels seen in this place.
 G = Mean time per level.
                   A        B        C        D        E       F      G
               +--------+--------+--------+--------+--------+-----+--------+
         Total |    493 |    493 |      0 |    322 |    149 |   1 |  493.0 |
       Dungeon |    493 |    493 |      0 |    322 |    149 |   1 |  493.0 |
               +--------+--------+--------+--------+--------+-----+--------+

Top non-repeatable levels by time:
     D:1: 493 daAuts
